Map: Rifts to Korhal

Players

Osiris

  • Race: Protoss Protoss
  • Spawn Location: 7:00

NamroodTuo

  • Race: Terran Terran

VOD

Have the link to the VOD?

Description

Time

  • Played on: June 6, 2023, 12:56 p.m.
  • Length: 20:19
Show
View Real Time Build Order
Export as new Build Order

Osiris Protoss 

Build Orders:  

Get SALT Encoding   

  12  0:03  Probe (Chrono Boost)  
  13  0:17  Probe (Chrono Boost)  
  14  0:30  Probe (Chrono Boost)  
  15  0:44  Probe (Chrono Boost)  
  16  0:58  Probe (Chrono Boost)  
  16  0:59  Pylon  
  17  1:12  Probe (Chrono Boost)  
  17  1:13  Pylon  
  17  1:19  Assimilator  
  18  1:26  Probe (Chrono Boost)  
  19  1:40  Probe (Chrono Boost), Photon Cannon  
  20  1:50  Photon Cannon  
  20  1:54  Probe (Chrono Boost)  
  21  2:08  Probe (Chrono Boost), Assimilator  
  22  2:23  Probe (Chrono Boost), Photon Cannon  
  23  2:37  Probe (Chrono Boost)  
  24  2:58  Gateway  
  24  3:17  Probe (Chrono Boost)  
  25  3:26  Assimilator  
  25  3:31  Probe (Chrono Boost)  
  26  3:45  Probe (Chrono Boost)  
  27  3:56  Forge  
  27  3:59  Probe (Chrono Boost)  
  27  4:07  Nexus  
  28  4:13  Probe (Chrono Boost)  
  28  4:16  Pylon  
  29  4:27  Probe (Chrono Boost)  
  30  4:41  Probe (Chrono Boost)  
  31  4:50  Purifier Armaments, Fleet Beacon  
  31  4:55  Probe (Chrono Boost)  
  32  5:08  Probe (Chrono Boost)  
  33  5:19  Assimilator  
  33  5:22  Probe (Chrono Boost)  
  34  5:34  Cybernetics Core  
  34  5:35  Cybernetics Core  
  34  5:36  Probe (Chrono Boost)  
  35  5:50  Probe (Chrono Boost), Twilight Council  
  36  6:00  Probe (Chrono Boost)  
  36  6:04  Probe (Chrono Boost)  
  38  6:13  Probe (Chrono Boost)  
  38  6:14  Graviton Catapult  
  38  6:18  Probe (Chrono Boost)  
  40  6:20  Observation Protocol  
  40  6:27  Probe (Chrono Boost)  
  41  6:31  Protoss Air Weapons Level 1  
  41  6:32  Probe (Chrono Boost)  
  41  6:34  Protoss Air Armor Level 1  
  42  6:41  Probe (Chrono Boost)  
  42  6:46  Probe (Chrono Boost)  
  44  6:52  Stargate  
  44  6:54  Stargate x2  
  44  6:55  Probe (Chrono Boost)  
  44  6:56  Stargate  
  44  6:59  Probe (Chrono Boost)  
  45  7:04  Stargate  
  45  7:06  Stargate  
  45  7:09  Probe (Chrono Boost), Stargate  
  46  7:13  Probe (Chrono Boost)  
  46  7:16  Stargate  
  48  7:20  A Strong Heart  
  48  7:22  Clolarion's A.I. Personality  
  48  7:30  Protoss Shields Level 1  
  48  7:42  Probe x2 (Chrono Boost)  
  50  7:56  Probe x2 (Chrono Boost)  
  52  8:02  Carrier  
  52  8:03  Carrier  
  64  8:24  Interdictors  
  64  8:26  Carrier  
  70  8:35  Carrier  
  76  8:41  Carrier  
  82  9:17  Protoss Air Weapons Level 2  
  82  9:18  Protoss Air Armor Level 2  
  82  9:39  Pylon  
  82  9:40  Pylon x2  
  82  9:41  Pylon  
  82  9:43  Pylon  
  82  9:44  Pylon  
  82  9:47  Pylon  
  82  9:49  Pylon  
  82  9:51  Pylon  
  82  10:04  Carrier  
  82  10:05  Carrier  
  94  10:21  Protoss Shields Level 2  
  94  10:32  Photon Cannon  
  94  10:33  Photon Cannon  
  94  10:35  Photon Cannon  
  94  10:59  Carrier  
  100  11:02  Carrier  
  106  11:39  Carrier  
  112  12:10  Carrier  
  118  12:44  Carrier  
  124  12:52  Carrier  
  130  13:11  Pylon x2  
  130  13:14  Pylon  
  130  13:15  Pylon  
  130  13:16  Pylon  
  130  13:19  Pylon  
  130  13:21  Carrier  
  136  14:12  Protoss Air Weapons Level 3  
  136  14:16  Protoss Air Armor Level 3  
  136  14:55  Carrier  
  142  15:32  Protoss Shields Level 3  
  142  16:10  Carrier x2  
  154  18:01  Carrier x2  
  154  18:02  Carrier x2  
Show
View Real Time Build Order
Export as new Build Order

NamroodTuo Terran 

Build Orders:  

Get SALT Encoding   

  12  0:05  SCV  
  13  0:22  SCV  
  14  0:39  SCV  
  15  0:40  Refinery  
  15  0:46  Refinery  
  15  0:56  SCV  
  16  1:13  Engineering Bay, SCV  
  17  1:34  Engineering Bay, SCV  
  18  1:51  SCV, Outlaw Weapons Level 1  
  19  2:11  Outlaw Life and Armor Level 1  
  19  2:16  SCV  
  20  2:55  SCV  
  21  3:01  Tychus  
  21  3:12  SCV  
  21  3:19  Gunslingers Hideout  
  22  3:29  SCV  
  23  3:42  Medivac Platform  
  23  3:46  SCV  
  24  4:03  SCV  
  24  4:04  Command Center  
  25  4:20  SCV  
  25  4:29  Outlaw Weapons Level 2  
  26  4:40  SCV  
  27  4:57  SCV  
  27  4:59  Auto-Turret  
  28  5:17  SCV  
  29  5:43  James Sirius Sykes  
  39  6:25  Outlaw Life and Armor Level 2  
  39  6:29  SCV  
  40  6:33  Auto-Turret  
  40  6:46  SCV  
  41  6:52  ITC-E Triggers  
  41  6:55  Command Center  
  41  7:03  SCV  
  42  7:13  Fixers Safehouse  
  42  7:20  SCV  
  42  7:22  Auto-Turret  
  42  7:25  SCV  
  44  7:37  SCV  
  45  7:42  SCV  
  46  7:58  Auto-Turret  
  46  7:59  SCV  
  47  8:13  SCV  
  47  8:16  SCV  
  49  8:22  Outlaw Weapons Level 3  
  49  8:30  SCV  
  49  8:32  SCV  
  51  8:44  Refinery  
  51  8:45  Flashforce GDM Visor  
  51  8:47  SCV  
  51  8:49  Auto-Turret, SCV  
  53  9:04  SCV  
  53  9:06  SCV  
  55  9:21  SCV  
  55  9:23  SCV  
  57  9:30  Muscle Armory  
  57  9:54  SCV, Refinery  
  58  10:02  Medivac Platform  
  58  10:08  Kev Rattlesnake West  
  68  10:11  SCV  
  69  10:21  Outlaw Life and Armor Level 3  
  69  10:28  SCV  
  70  10:45  SCV  
  71  11:02  Endurance Supplements, SCV  
  72  11:13  Vega  
  82  12:47  Outlaw Weapons Level 4  
  82  13:12  Outlaw Life and Armor Level 4  
  82  13:29  Auto-Turret  
  82  13:36  Auto-Turret  
  82  14:04  Auto-Turret  
  82  14:18  Neural Disruption Device, Moebius Psionic Motivator  
  82  15:28  Siege Tank  
  82  15:31  Rob Cannonball Boswell  
  92  16:14  Siege Tank  
Tags
 
Commander
FenixTychus
Matchup
Co-op
Replay Pack
Multiplayer
Add a new tag
Caveats
  • Supply blocks, unpowered buildings, or Contaminate may cause inaccurate times.
  • Supply counts are checked every 10 seconds.